 Dungeon Crawl Stone Soup version 0.24-a0-194-g9bee6eb (webtiles) character file.

Game seed: 13792078430798342862

113 Gorice the Cudgeler (level 4, 0/38 HPs)
             Began as a Gnoll Wanderer on Mar 18, 2019.
             Succumbed to a worker ant's poison
             ... on level 3 of the Dungeon.
             The game lasted 00:09:43 (3075 turns).

Gorice the Cudgeler (Gnoll Wanderer)                Turns: 3075, Time: 00:09:44

Health: 0/38       AC: 12    Str: 15    XL:     4   Next: 96%
Magic:  6/6        EV:  7    Int: 16    God:
Gold:   86         SH:  0    Dex: 13    Spells: 5/5 levels left

rFire    . . .     SeeInvis .   f - -3 whip (curse)
rCold    . . .     Gourm    .   (no shield)
rNeg     . . .     Faith    .   j - +0 chain mail
rPois    .         Spirit   .   h - +2 helmet
rElec    .         Reflect  .   (no cloak)
rCorr    .         Harm     .   (no gloves)
MR       .....                  (no boots)
Stlth    ..........             (no amulet)
HPRegen  0.12/turn              (no ring)
MPRegen  0.10/turn              (no ring)

@: lethally poisoned (0 -> -17), hasted, very quick
A: distributed training, fangs 1, strong nose
a: no special abilities


You were on level 3 of the Dungeon.
You were not hungry.

You visited 1 branch of the dungeon, and saw 3 of its levels.

You collected 86 gold pieces.

Inventory:

Hand Weapons
 a - a +2 mace
 e - a +0 falchion
 f - a cursed -3 whip (weapon)
 i - a +4 short sword
Missiles
 m - 29 bolts
 Y - 30 stones (quivered)
Armour
 b - a +0 ring mail
 h - a +2 helmet (worn)
 j - a +0 chain mail (worn)
 k - a cursed +0 ring mail
Scrolls
 g - a scroll of fear {!r}
 l - 3 scrolls of teleportation {!r}
Comestibles
 d - a ration


   Skills:
 + Level 4.7 Fighting
 + Level 1.2 Short Blades
 + Level 1.2 Long Blades
 + Level 1.2 Axes
 + Level 4.7 Maces & Flails
 + Level 1.2 Polearms
 + Level 1.2 Staves
 + Level 1.2 Slings
 + Level 1.2 Bows
 + Level 1.2 Crossbows
 + Level 1.2 Throwing
 + Level 2.8 Armour
 + Level 1.2 Dodging
 + Level 2.6 Stealth
 + Level 1.2 Shields
 + Level 1.2 Unarmed Combat
 + Level 1.2 Spellcasting
 + Level 2.3 Conjurations
 + Level 1.0 Hexes
 + Level 1.0 Charms
 + Level 1.0 Summonings
 + Level 1.0 Necromancy
 + Level 1.0 Translocations
 + Level 3.9 Transmutations
 + Level 1.0 Fire Magic
 + Level 1.0 Ice Magic
 + Level 1.0 Air Magic
 + Level 1.0 Earth Magic
 + Level 1.0 Poison Magic
 + Level 1.4 Invocations
 + Level 2.8 Evocations


You had 5 spell levels left.
You didn't know any spells.
Your spell library was empty.

Dungeon Overview and Level Annotations

Branches:
Dungeon (3/15)

Altars:
Gozag
Sif Muna


Innate Abilities, Weirdness & Mutations

Your experience applies equally to all skills.
You have very sharp teeth.
Your uncanny sense of smell can sniff out nearby items.


Message History

It was a potion of haste.
You feel yourself speed up.
* * * LOW HITPOINT WARNING * * *
You feel sick.
The worker ant bites you but does no damage.
Damage: 1 (max 7)
You hit the worker ant but do no damage.
The worker ant is moderately wounded.
You completely miss the worker ant.
The worker ant is moderately wounded.
* * * LOW HITPOINT WARNING * * *
You feel sick.
The worker ant bites you but does no damage.
Damage: 1 (max 7)
You hit the worker ant but do no damage.
The worker ant is moderately wounded.
* * * LOW HITPOINT WARNING * * *
You feel sick. The worker ant barely misses you.
You hit the worker ant but do no damage.
You bite the worker ant, but do no damage.
The worker ant is moderately wounded.
You hit the worker ant but do no damage.
The worker ant is moderately wounded.
* * * LOW HITPOINT WARNING * * *
You feel sick.
The worker ant bites you but does no damage.
Damage: 1 (max 7)
You closely miss the worker ant.
You bite the worker ant, but do no damage.
The worker ant is moderately wounded.
The worker ant bites you.
* * * LOW HITPOINT WARNING * * *
Damage: 4 (max 7)
Your chain mail prevents you from hitting the worker ant.
You bite the worker ant.
The worker ant is heavily wounded.
* * * LOW HITPOINT WARNING * * *
You feel sick. The worker ant bites you.
* * * LOW HITPOINT WARNING * * *
You are more poisoned.
The worker ant poisons you!
Damage: 3 (max 7)
You closely miss the worker ant.
The worker ant is heavily wounded.
* * * LOW HITPOINT WARNING * * *
You feel sick.
Damage: 1 (max 7) Unknown command.
You hit the worker ant but do no damage.
The worker ant is heavily wounded.
You die...

##( #.. #.#
#.# ##.## #
######...##.#
#...((......#
#a@.# ##.##
#.# #.# ..#
###


You could see a worker ant.

Vanquished Creatures
  Robin (D:1)
  2 gnolls (D:1)
  3 adders
  2 dart slugs
  A leopard gecko (D:2)
  9 bats
  2 giant cockroaches
  9 goblins
  6 hobgoblins
  3 jackals (D:1)
  A quokka (D:2)
  2 ball pythons (D:2)
  A frilled lizard (D:1)
  8 kobolds
  3 rats
53 creatures vanquished.

Notes
Turn   | Place    | Note
-------+----------+-------------------------------------------
     0 | D:1      | Gorice the Gnoll Wanderer began the quest for the Orb.
     0 | D:1      | Gorice set off with the following items: a +2 mace, a +0
                  | ring mail, a potion of lignification {!q}, a ration
     0 | D:1      | Reached XP level 1. HP: 20/20 MP: 2/2
   152 | D:1      | Reached skill level 2 in Conjurations
   156 | D:1      | Reached XP level 2. HP: 26/26 MP: 3/3
   925 | D:1      | HP: 7/26 [adder (2)]
   932 | D:1      | HP: 9/39 [goblin (1)]
   935 | D:1      | Reached XP level 3. HP: 10/31 MP: 4/4
  1259 | D:2      | HP: 9/31 [poisoned by an adder]
  1261 | D:2      | HP: 4/31 [adder (4)]
  1277 | D:2      | Reached skill level 1 in Invocations
  1597 | D:2      | Noticed Robin
  1614 | D:1      | Reached skill level 1 in Short Blades
  1614 | D:1      | Reached skill level 1 in Long Blades
  1614 | D:1      | Reached skill level 1 in Axes
  1614 | D:1      | Reached skill level 1 in Polearms
  1614 | D:1      | Reached skill level 1 in Staves
  1614 | D:1      | Reached skill level 1 in Slings
  1614 | D:1      | Reached skill level 1 in Bows
  1614 | D:1      | Reached skill level 1 in Crossbows
  1614 | D:1      | Reached skill level 1 in Throwing
  1614 | D:1      | Reached skill level 1 in Dodging
  1614 | D:1      | Reached skill level 1 in Shields
  1614 | D:1      | Reached skill level 1 in Unarmed Combat
  1614 | D:1      | Reached skill level 1 in Spellcasting
  1763 | D:1      | Reached XP level 4. HP: 38/38 MP: 6/6
  1987 | D:1      | Killed Robin
  2098 | D:2      | Found a deep blue altar of Sif Muna.
  2267 | D:2      | Found an opulent altar of Gozag.
  2424 | D:1      | HP: 9/38 [gnoll/+0 club (6)]
  2427 | D:1      | Reached skill level 1 in Hexes
  2427 | D:1      | Reached skill level 1 in Charms
  2427 | D:1      | Reached skill level 1 in Summonings
  2427 | D:1      | Reached skill level 1 in Necromancy
  2427 | D:1      | Reached skill level 1 in Translocations
  2427 | D:1      | Reached skill level 1 in Fire Magic
  2427 | D:1      | Reached skill level 1 in Ice Magic
  2427 | D:1      | Reached skill level 1 in Air Magic
  2427 | D:1      | Reached skill level 1 in Earth Magic
  2427 | D:1      | Reached skill level 1 in Poison Magic
  3066 | D:3      | HP: 11/38 [poisoned by a worker ant]
  3071 | D:3      | HP: 9/38 [poisoned by a worker ant]
  3073 | D:3      | HP: 4/38 [poisoned by a worker ant]
  3074 | D:3      | HP: 1/38 [poisoned by a worker ant]
  3075 | D:3      | Succumbed to a worker ant's poison

Levels and vault maps discovered:
D:1:      lemuel_arrival_lava_pool, layout_basic
D:2:      layout_rooms, lemuel_coloured_pillars_altar, marbit_many_paths,
          uniq_robin
D:3:      layout_loops_ring, nicolae_overflow_crystal_walls,
          kennysheep_okawaru_gauntlet, chequers_serial_rivers_micro_c,
          uniq_natasha

Skill      XL: |  1  2  3  4 |
---------------+-------------+-----
Conjurations   | 2 |  2.3
Invocations    | 1 |  1.4
Short Blades   | 1 |  1.2
Long Blades    | 1 |  1.2
Axes           | 1 |  1.2
Polearms       | 1 |  1.2
Staves         | 1 |  1.2
Slings         | 1 |  1.2
Bows           | 1 |  1.2
Crossbows      | 1 |  1.2
Throwing       | 1 |  1.2
Dodging        | 1 |  1.2
Shields        | 1 |  1.2
Unarmed Combat | 1 |  1.2
Spellcasting   | 1 |  1.2
Hexes          | 1 |  1.0
Charms         | 1 |  1.0
Summonings     | 1 |  1.0
Necromancy     | 1 |  1.0
Translocations | 1 |  1.0
Fire Magic     | 1 |  1.0
Ice Magic      | 1 |  1.0
Air Magic      | 1 |  1.0
Earth Magic    | 1 |  1.0
Poison Magic   | 1 |  1.0
Fighting       | |  4.7
Maces & Flails | |  4.7
Armour         | |  2.8
Stealth        | |  2.6
Transmutations | |  3.9
Evocations     | |  2.8

Action                   |  1- 3 |  4- 6 || total
-------------------------+-------+-------++-------
Melee: Mace              |    32 |       ||    32
       Bite              |    21 |    33 ||    54
       Whip              |   206 |   296 ||   502
Throw: Stone             |       |     3 ||     3
  Use: Scroll            |     4 |       ||     4
       Potion            |     4 |     1 ||     5
  Eat: Chunk             |     3 |     2 ||     5
       Ration            |       |     1 ||     1
Armor: Ring mail         |    11 |       ||    11
       Chain mail        |   211 |   149 ||   360
       Skin              |    37 |       ||    37
Dodge: Dodged            |   134 |    71 ||   205

Table legend:
 A = Non-vault XP
 B = Vault XP
 C = Vault XP percentage of total XP
 D = Non-vault monster count
 E = Vault monster count
 F = Vault count percentage of total count
                 A         B        C        D         E       F
            +---------+---------+-------+---------+---------+-------
      Total |     120 |      42 |  25.9 |      39 |      14 |  26.4
            +---------+---------+-------+---------+---------+-------
        D:1 |      71 |      30 |  29.7 |      23 |       8 |  25.8
        D:2 |      49 |      12 |  19.7 |      16 |       6 |  27.3
            +---------+---------+-------+---------+---------+-------

Table legend:
 A = Turns spent in this place as a percentage of turns spent in the entire game.
 B = Non-inter-level travel turns spent in this place as a percentage of non-inter-level travel turns spent in the entire game.
 C = Inter-level travel turns spent in this place as a percentage of turns spent in this place.
 D = Turns resting spent in this place as a percentage of non-inter-level travel turns spent in this place.
 E = Turns spent auto-exploring this place as a percentage of non-inter-level travel turns spent in this place.
 F = Non-inter-level travel turns spent in this place divided by the number of levels of this place that you've seen.
                   A       B       C       D       E      F
               +-------+-------+-------+-------+-------+----------------------
         Total | 100.0 | 100.0 |   2.0 |  31.7 |  30.3 | 1004.3
       Dungeon | 100.0 | 100.0 |   2.0 |  31.7 |  30.3 | 1004.3
               +-------+-------+-------+-------+-------+----------------------

Levels and vault maps discovered:
D:1:      lemuel_arrival_lava_pool, layout_basic
D:2:      layout_rooms, lemuel_coloured_pillars_altar, marbit_many_paths,
          uniq_robin
D:3:      layout_loops_ring, nicolae_overflow_crystal_walls,
          kennysheep_okawaru_gauntlet, chequers_serial_rivers_micro_c,
          uniq_natasha
